 Dungeon Crawl Stone Soup version 0.31.0-9-g3a7656b989 (webtiles) character file.

Game seed: 11302591270705976252

125 qw the Skirmisher (level 4, 0/25 HPs)
             Began as a Deep Elf Hunter on Feb 2, 2024.
             Succumbed to an adder's poison
             ... on level 2 of the Dungeon.
             The game lasted 00:00:04 (963 turns).

qw the Skirmisher (Deep Elf Hunter)                  Turns: 963, Time: 00:00:05

Health: 0/25       AC:  5    Str: 10    XL:     4   Next: 82%
Magic:  6/6        EV: 11    Int: 14    God:
Gold:   30         SH:  0    Dex: 18    Spells: 3/3 levels left

rFire   . . .        a - +0 shortbow
rCold   . . .        (shield currently unavailable)
rNeg    . . .        e - +0 ring mail
rPois   .            (no helmet)
rElec   .            (no cloak)
rCorr   .            (no gloves)
SInv    .            (no boots)
Will    .....        (no amulet)
Stlth   +            (no ring)
HPRegen 0.24/turn    (no ring)
MPRegen 0.10/turn

%: no passive effects
@: lethally poisoned (0 -> -1)
A: no striking features
a: no special abilities


You were on level 2 of the Dungeon.
You visited 1 branch of the dungeon, and saw 2 of its levels.

You collected 30 gold pieces.


   Skills:
 - Level 1.5 Fighting
 + Level 8.2 Ranged Weapons
 - Level 2.4 Dodging
 - Level 1.2 Stealth


You had 3 spell levels left.
You didn't know any spells.
Your spell library was empty.

Inventory:

Hand Weapons
 a - a +0 shortbow (weapon)
Armour
 e - a +0 ring mail (worn)
Jewellery
 c - the ring of Democracy {^Contam Fly rPois Will+ Str+2 Int+6}
   (You found it on level 2 of the Dungeon)

   [ring of intelligence]

   Str+2:     It affects your strength (+2).
   Int+6:     It affects your intelligence (+6).
   rPois:     It protects you from poison Will+: It increases your willpower.
   Fly:       It grants you flight.
   ^Contam:   It causes magical contamination when unequipped.
Potions
 b - a potion of resistance {unknown}
 d - a potion of cancellation {unknown}
 g - a potion of haste {unknown}

Dungeon Overview and Level Annotations

Branches:
Dungeon (2/15)

Altars:


Message History

The gnoll is heavily wounded.
An adder comes into view.
The gnoll misses you. The gnoll closely misses you.
You shoot an arrow. The adder hisses angrily.
The arrow hits the gnoll!
The gnoll is severely wounded.
The gnoll hits you with a +0 whip. The gnoll barely misses you.
You shoot an arrow. The arrow hits the gnoll.
You kill the gnoll!
The gnoll closely misses you. The gnoll hits you with a +0 whip.
You shoot an arrow. The arrow hits the gnoll.
The gnoll is moderately wounded.
The gnoll closely misses you. x2
You shoot an arrow. The arrow completely misses the gnoll.
The arrow completely misses the adder.
The gnoll closely misses you. The gnoll misses you.
You shoot an arrow. The arrow hits the gnoll.
The gnoll is moderately wounded.
The gnoll misses you. The gnoll barely misses you. The adder bites you.
You are poisoned.
The adder poisons you! The gnoll barely misses you.
You shoot an arrow. The arrow barely misses the gnoll.
You feel sick. The gnoll hits you with a +0 whip. The adder barely misses you.
The gnoll barely misses you. The adder barely misses you.
The gnoll closely misses you.
You shoot an arrow. The arrow closely misses the gnoll.
You feel sick. The adder bites you. The gnoll misses you.
The gnoll hits you with a +0 whip.
You shoot an arrow. The arrow hits the gnoll.
The gnoll is severely wounded.
You feel sick. The adder barely misses you. The gnoll barely misses you.
The gnoll hits you but does no damage. The adder bites you but does no damage.
You shoot an arrow. The arrow hits the gnoll!
You kill the gnoll!
You feel sick. The adder bites you but does no damage.
The gnoll barely misses you.
You shoot an arrow.
The arrow hits the adder but does no damage.
You die...

#.##.# ... #
###.##.# ... #
#..<##.# ###.# #
#.####.# # #.# #.#
. #.# #.# . #.#
#.# . # #'# ### .
#. ##@##
....#.##)S)##.#..
...$....(g........
..................
..................
#.................
.#...#..#.#..#...#
#.######...######.
. #.#.


You could see a gnoll and an adder.

Vanquished Creatures
  Natasha (twice) (D:2)
  3 gnolls (D:2)
  A ribbon worm (D:2)
  3 bats
  4 endoplasms (D:1)
  2 giant cockroaches
  2 goblins (D:1)
  4 hobgoblins (D:1)
  3 jackals (D:1)
  A quokka (D:1)
  7 ball pythons
  2 frilled lizards (D:1)
  6 kobolds (D:1)
  2 rats (D:2)
42 creatures vanquished.

Notes
Turn   | Place    | Note
-------+----------+-------------------------------------------
     0 | D:1      | qw the Deep Elf Hunter began the quest for the Orb.
     0 | D:1      | Reached XP level 1. HP: 12/12 MP: 3/3
     0 | D:1      | 0 ||| qw: Version: 0.3-a-155-g5e7d8dd
     0 | D:1      | 0 ||| qw: Game counter: 2225
     0 | D:1      | 0 ||| qw: Melee chars always use a shield: true
     0 | D:1      | 0 ||| qw: God list: Okawaru
     0 | D:1      | 0 ||| qw: Allow faded altars: false
     0 | D:1      | 0 ||| qw: Do Orc after clearing Dungeon:15 true
     0 | D:1      | 0 ||| qw: Do second Lair branch before Depths: true
     0 | D:1      | 0 ||| qw: Lair rune preference: random
     0 | D:1      | 0 ||| qw: Goals: Normal
     0 | D:1      | 0 ||| PLANNING D:1-11
    49 | D:1      | Reached XP level 2. HP: 12/16 MP: 4/4
    75 | D:1      | Reached skill level 6 in Ranged Weapons
   330 | D:1      | Reached XP level 3. HP: 20/20 MP: 5/5
   620 | D:1      | 620 ||| UPGRADING to +0 ring mail.
   630 | D:1      | 630 ||| DROPPING +0 leather armour.
   631 | D:1      | 631 ||| DROPPING ring of flight.
   632 | D:1      | 632 ||| READING scroll labelled BYRIBA WUKO.
   633 | D:1      | 633 ||| DROPPING scroll of butterflies.
   756 | D:2      | Noticed Natasha
   767 | D:2      | Killed Natasha
   768 | D:2      | Reached skill level 7 in Ranged Weapons
   837 | D:2      | Identified the ring of Democracy {^Contam Fly rPois Will+
                  | Str+2 Int+6}
   892 | D:2      | Reached XP level 4. HP: 25/25 MP: 6/6
   941 | D:2      | Noticed Natasha
   943 | D:2      | 943 ||| RETREEEEATING.
   948 | D:2      | 948 ||| RETREEEEATING.
   949 | D:2      | Killed Natasha
   953 | D:2      | Reached skill level 8 in Ranged Weapons
   960 | D:2      | HP: 2/25 [gnoll/+0 whip (6)]
   963 | D:2      | Succumbed to an adder's poison

Levels and vault maps discovered:
D:1:      minmay_arrival_shoal_huts, layout_loops_ring
D:2:      wad_pebble_path, layout_loops_ring, uniq_natasha, uniq_robin

Skill      XL: |  1  2  3  4 |
---------------+-------------+-----
Ranged Weapons | 6 7 8 |  8.2
Fighting       | |  1.5
Dodging        | |  2.4
Stealth        | |  1.2

Action                     |  1- 3 |  4- 6 || total
---------------------------+-------+-------++-------
   Fire: Shortbow          |    95 |    29 ||   124
    Use: Scroll            |     1 |       ||     1
 Armour: Leather armour    |    11 |       ||    11
         Ring mail         |     9 |    17 ||    26
  Dodge: Dodged            |    29 |    26 ||    55

Table legend:
 A = Non-vault XP
 B = Vault XP
 C = Vault XP percentage of total XP
 D = Non-vault monster count
 E = Vault monster count
 F = Vault count percentage of total count
                 A         B        C        D         E       F
            +---------+---------+-------+---------+---------+-------
      Total |     143 |      36 |  20.1 |      41 |       1 |   2.4
            +---------+---------+-------+---------+---------+-------
        D:1 |      51 |       0 |   0.0 |      29 |       0 |   0.0
        D:2 |      92 |      36 |  28.1 |      12 |       1 |   7.7
            +---------+---------+-------+---------+---------+-------
